 Dungeon Crawl Stone Soup version 0.30.0-29-ga12c61a403 (webtiles) character file.

Game seed: 3372681909683783993

45539 MacCMillion the Nimble (level 14, -15/88 HPs)
             Began as a Tengu Summoner on June 7, 2023.
             Was an Initiate of Gozag.
             Killed by an exploding themself (41 damage)
             ... ignited by their inner flame
             ... on level 5 of the Lair of Beasts on June 8, 2023.
             The game lasted 00:59:27 (20653 turns).

MacCMillion the Nimble (Tengu Summoner)            Turns: 20653, Time: 00:59:27

Health: -15/88     AC:  8    Str:  9    XL:     14   Next: 33%
Magic:  25/29      EV: 23    Int: 25    God:    Gozag
Gold:   1526       SH:  0    Dex: 16    Spells: 10/33 levels left

rFire   . . .        O - +3 spear
rCold   . . .        (no shield)
rNeg    . . .        B - +0 steam dragon scales
rPois   +            T - +2 hat
rElec   .            q - +0 cloak
rCorr   .            (no gloves)
SInv    .            (boots unavailable)
Will    +....        J - amulet of magic regeneration
Stlth   ++           j - ring of poison resistance
HPRegen 0.34/turn    t - +6 ring of intelligence
MPRegen 0.61/turn

%: no passive effects
@: flying quickly and evasively, quick
A: beak, talons 3, nimble flight
a: Renounce Religion, Potion Petition, Call Merchant, Bribe Branch


You were on level 5 of the Lair of Beasts.
You worshipped Gozag.
Gozag was most pleased with you.
You visited 3 branches of the dungeon, and saw 17 of its levels.
You also visited: Sewer and Gauntlet.

You collected 3689 gold pieces.
You spent 230 gold pieces at shops.
You paid 1933 gold pieces to Gozag.

Inventory:

Hand Weapons
 d - a +3 dagger
 O - a +3 spear (weapon)
Missiles
 F - 3 throwing nets
Armour
 q - a +0 cloak (worn)
 B - +0 steam dragon scales (worn)
 T - a +2 hat (worn)
Jewellery
 j - a ring of poison resistance (left hand)
 l - a ring of fire
 m - an amulet of regeneration
 o - a ring of positive energy
 t - a +6 ring of intelligence (right hand)
 A - an amulet of reflection
 J - an amulet of magic regeneration (around neck)
 K - a +5 ring of evasion
 N - a ring of resist corrosion
 R - a ring of willpower
 S - the ring of Coecick {rElec rCorr Str+2 Dex+3 Slay-6}
   (You found it in a Gauntlet)

   [ring of resist corrosion]

   Str:       It affects your strength (+2).
   Dex:       It affects your dexterity (+3).
   Slay:      It affects your accuracy & damage with ranged weapons and melee
   (-6).
   rElec:     It insulates you from electricity.
   rCorr:     It protects you from acid and corrosion.
 U - the amulet of Riduwink {Acrobat Harm rPois Will-}
   (You found it in a Gauntlet)

   [amulet of the acrobat]

   It increases your evasion while moving and waiting.
   rPois:     It protects you from poison.
   Harm:      It increases damage dealt and taken.
   Will:      It decreases your willpower.
Wands
 a - a wand of iceblast (35)
 w - a wand of polymorph (14)
 D - a wand of quicksilver (10)
 H - a wand of digging (9)
 Y - a wand of flame (3)
Scrolls
 e - a scroll of fog
 g - 4 scrolls of fear
 h - 7 scrolls of poison
 k - 7 scrolls of teleportation
 p - 5 scrolls of enchant weapon
 s - a scroll of torment
 x - a scroll of enchant armour
 y - 2 scrolls of immolation
 z - 2 scrolls of butterflies
 E - a scroll of blinking
 I - a scroll of magic mapping
 M - 2 scrolls of identify
 Q - a scroll of noise
 V - a scroll of brand weapon
 W - a scroll of silence
 X - a scroll of vulnerability {unknown}
Potions
 b - 2 potions of magic
 c - 4 potions of flight
 f - 2 potions of mutation
 i - 4 potions of berserk rage
 n - 3 potions of lignification
 r - 3 potions of brilliance
 u - a potion of invisibility
 v - 4 potions of cancellation
 C - 2 potions of attraction
 G - 3 potions of haste
 L - 3 potions of heal wounds
 P - 4 potions of curing
 Z - a potion of degeneration {unknown}


   Skills:
 + Level 10.4 Fighting
 + Level 13.3 Dodging
 - Level 2.3 Stealth
 - Level 10.0 Spellcasting
 - Level 5.0 Conjurations
 + Level 13.0 Summonings
 - Level 3.0 Fire Magic
 - Level 7.0 Air Magic
 - Level 10.0 Poison Magic


You had 10 spell levels left.
You knew the following spells:

 Your Spells              Type           Power      Damage    Failure   Level
a - Summon Small Mammal   Summ           100%       N/A       1%          1
b - Call Imp              Summ           100%       N/A       1%          2
c - Call Canine Familiar  Summ           67%        N/A       1%          3
d - Summon Lightning Spi  Summ/Air       58%        N/A       1%          4
e - Summon Guardian Gole  Hex/Summ       45%        N/A       1%          3
f - Olgreb's Toxic Radia  Pois           58%        N/A       1%          4
g - Mephitic Cloud        Conj/Pois/Air  49%        N/A       1%          3
h - Ignite Poison         Fire/Tmut/Pois 34%        N/A       2%          3

Your spell library contained the following spells:

 Spells                   Type           Power      Damage    Failure   Level
 Magic Dart               Conj           100%       1d8       1%          1
 Shock                    Conj/Air       100%       1d9       1%          1
 Sting                    Tmut/Pois      100%       1d8       1%          1
 Poisonous Vapours        Pois/Air       100%       N/A       1%          2
 Swiftness                Air            47%        N/A       1%          3
 Animate Armour           Summ/Erth      90%        N/A       3%          4
 Summon Ice Beast         Ice/Summ       45%        N/A       3%          4
 Dazzling Flash           Conj/Hex       50%        N/A       5%          3
 Ensorcelled Hibernation  Hex/Ice        24%        N/A       8%          2
 Passwall                 Tmut/Erth      10%        N/A       8%          2
 Volatile Blastmotes      Fire/Tloc      40%        2d13      8%          3
 Sticky Flame             Conj/Fire      32%        2d5       10%         4
 Portal Projectile        Hex/Tloc       24%        N/A       14%         3
 Iskenderun's Mystic Bla  Conj/Tloc      25%        2d7       17%         4
 Iskenderun's Battlesphe  Conj           37%        2d9       17%         5
 Summon Hydra             Summ           33%        N/A       21%         7
 Fireball                 Conj/Fire      16%        3d8       26%         5
 Silence                  Hex/Air        15%        N/A       32%         5
 Leda's Liquefaction      Hex/Erth       6%         N/A       43%         4
 Conjure Ball Lightning   Conj/Air       21%        3x3d6     54%         6
 Agony                    Necr           12%        N/A       80%         5
 Blade Hands              Tmut           6%         N/A       80%         5
 Starburst                Conj/Fire      16%        6d6       82%         6
 Iron Shot                Conj/Erth      12%        9d3       95%         6
 Orb of Destruction       Conj           18%        9d8       99%         7
 Discord                  Hex            6%         N/A       100%        8
 Ignition                 Fire           13%        3d6       100%        8
 Fire Storm               Conj/Fire      16%        8d4       100%        9


Dungeon Overview and Level Annotations

Branches:
Dungeon (11/15)            Temple (1/1) D:6            Lair (5/5) D:9
 Shoals (0/4) Lair:2       Spider (0/4) Lair:2        Slime (0/5) Lair:5
    Orc (0/2) D:9           Sewer (visited)         Gauntlet (visited)

Altars:
Ashenzari
Elyvilon
Fedhas
Gozag
Hepliaklqana
Kikubaaqudgha
Makhleb
Nemelex Xobeh
Qazlal
Ru
Sif Muna
Trog
Uskayaw
Vehumet
Wu Jian
Xom
Yredelemnul
Zin
The Shining One
Jiyva

Shops:
D:2 ?   D:4 =   D:8 *   Lair:2 ?!=

Annotations:
D:7 exclusions: 2 killer bees, orc priest and 1 more exclusion, Dowan, Duvessa
Lair:5 3 runed translucent doors, mmBingo's ghost, journeyman MiMo


Innate Abilities, Weirdness & Mutations

You have a beak for a mouth.
You have claws for feet.
Your magical nature lets you fly swiftly and evasively.


Message History

Your warg is engulfed in calcifying dust.
Your warg stops moving altogether!
The catoblepas gores your warg.
Found a scroll of enchant armour.
Your warg is engulfed in calcifying dust.
The catoblepas gores your warg!!
Your warg dies!
Your warg's corpse disappears in a puff of smoke!
Your limbs are stiffening.
You have turned to stone.
The catoblepas gores you!! The catoblepas gores you!!
The catoblepas breathes a plume of calcifying dust at you.
The blast of calcifying dust hits you.
You are engulfed in calcifying dust.
The catoblepas breathes a plume of calcifying dust at you.
The blast of calcifying dust hits you.
You are engulfed in calcifying dust.
The catoblepas gores you but does no damage.
You are engulfed in calcifying dust.
The catoblepas gores you.
You are engulfed in calcifying dust.
The catoblepas gores you!!
You are engulfed in calcifying dust.
The catoblepas completely misses you.
You turn to flesh and can move again.
The catoblepas gores you!
Your lightning spire shoots out a bolt of lightning at the catoblepas!
The bolt of electricity hits the catoblepas!
Your lightning spire disappears in a puff of smoke!
The catoblepas gores you.
* * * LOW HITPOINT WARNING * * *
The catoblepas gores your guardian golem!!
Casting: Summon Guardian Golem (safe; 1% risk of failure)
Confirm with . or Enter, or press ? or * to list all spells.
An electric hum fills the air.
Your guardian golem overheats!
The catoblepas gores your guardian golem!
Your guardian golem disappears in a puff of smoke!
Your guardian golem explodes!
The fiery explosion engulfs you!!!
You die...
Your body crumbles into a pile of gold.

###....# ##P...P# ##.
...[...###... ........#
#.. .#PP....# #..#
##...##P# #...## ########
#...## ### ##.####
#...###..# ##.#...####
##.§@§..#
..........###..§§§.###
....>.........8§Y§8..#
#..._..##.........8....#
##....###......8.........
#...#..##.#.........8..?.
....####.....8...........
....##...................
##..................#....


You could see a catoblepas (ally target) and a friendly lightning spire
(summoned, sheltered).

Vanquished Creatures
  A death yak (Lair:3)
  A skyshark (Lair:5)
  A manticore (D:11)
  A cane toad (Lair:5)
  2 blink frogs
  5 yaks
  A steam dragon (D:7)
  A water moccasin (Lair:5)
  An orc warrior (D:7)
  2 wolves (Lair:1)
  A centaur (D:7)
  A kobold brigand (D:6)
  A phantom (D:5)
  A killer bee (D:10)
  A howler monkey (D:5)
  3 iron imps (D:9)
  An orc wizard (D:9)
  A hell rat (Lair:4)
  3 gnolls (D:9)
  An adder (D:5)
  A white imp (D:7)
  2 orcs
  5 bats
  2 giant cockroaches
  4 goblins
  2 quokkas (D:1)
  3 kobolds (D:10)
  A rat (D:1)
50 creatures vanquished.

Vanquished Creatures (collateral kills)
  Harold (D:9)
  A hydra (Lair:2)
  A catoblepas (Lair:4)
  8 death yaks
  A two-headed ogre (D:11)
  A boulder beetle (Lair:4)
  Sonja (Lair:2)
  An orb spider (Lair:2)
  An ugly thing (D:10)
  3 cyclopes
  An elephant (Lair:4)
  2 black mambas
  A torpor snail (Lair:5)
  11 cane toads
  A rime drake (Lair:4)
  6 komodo dragons
  A kobold demonologist (D:11)
  A troll (D:11)
  2 polar bears
  A hornet (Lair:2)
  13 blink frogs
  A shadow (D:11)
  3 wyverns
  A wraith (D:11)
  43 yaks
  A steam dragon (D:6)
  A basilisk (D:9)
  2 wargs (D:9)
  An acid dragon (D:10)
  12 water moccasins
  5 orc warriors
  2 ice beasts
  8 wolves
  3 centaurs (Lair:2)
  3 phantoms
  2 kobold brigands (D:10)
  16 bullfrogs
  A scorpion (D:5)
  A gnoll sergeant (D:9)
  13 wights (D:8)
  9 killer bees (D:10)
  3 electric eels
  3 howler monkeys (D:7)
  A hound (D:6)
  3 orc priests
  3 jellies
  A gnoll bouda (D:9)
  3 sleepcaps
  6 orc wizards
  4 iguanas
  3 hell rats (Lair:4)
  A nameless horror (D:9)
  Robin (D:2)
  15 gnolls
  6 adders
  A shadow imp (D:7)
  5 white imps
  6 dart slugs
  7 worms
  22 orcs
  9 endoplasms
  2 giant cockroaches (D:2)
  10 goblins
  10 hobgoblins
  2 jackals (D:2)
  3 quokkas
  8 ball pythons
  7 bats
  2 frilled lizards
  15 kobolds
  6 rats
355 creatures vanquished.

Vanquished Creatures (others)
  A quicksilver ooze (Gauntlet)
  A minotaur (Gauntlet)
  3 death yaks (Lair:3)
  An ugly thing (D:10)
  2 black mambas
  2 elephants (Lair:4)
  A torpor snail (Lair:5)
  A cane toad (Lair:4)
  An ice devil (Gauntlet)
  A rime drake (Lair:4)
  4 blink frogs (Lair:5)
  5 yaks (Lair:5)
  A basilisk (Lair:4)
  A human (D:5)
  3 wolves (Lair:2)
  2 bullfrogs (Lair:4)
  A hell rat (Lair:4)
31 creatures vanquished.

Grand Total: 436 creatures vanquished

Notes
Turn   | Place    | Note
-------+----------+-------------------------------------------
     0 | D:1      | MacCMillion the Tengu Summoner began the quest for the Orb.
     0 | D:1      | Reached XP level 1. HP: 10/10 MP: 4/4
    72 | D:1      | Reached XP level 2. HP: 15/15 MP: 1/6
   327 | D:1      | Reached skill level 5 in Summonings
   421 | D:1      | Reached XP level 3. HP: 19/19 MP: 4/7
   540 | D:1      | Learned a level 2 spell: Call Imp
   546 | D:1      | Learned a level 3 spell: Call Canine Familiar
  1377 | D:2      | Reached XP level 4. HP: 24/24 MP: 7/9
  1550 | D:2      | Found Cekeohor's Magic Scroll Shop.
  1558 | D:2      | Bought a scroll of identify for 20 gold pieces
  1558 | D:2      | Bought a scroll of fear for 40 gold pieces
  1946 | D:2      | Noticed Robin
  1975 | D:2      | Killed Robin
  2376 | D:3      | Gained mutation: Your magical nature lets you fly swiftly
                  | and evasively. [Tengu growth]
  2376 | D:3      | Reached XP level 5. HP: 28/28 MP: 5/10
  2539 | D:3      | Found a faded altar of an unknown god.
  2546 | D:3      | Found a glowing drain.
  2564 | Sewer    | Entered a sewer
  2630 | Sewer    | Noticed Pargi
  3132 | D:3      | Found a sparkling altar of Nemelex Xobeh.
  3555 | D:4      | Reached skill level 1 in Fighting
  3615 | D:4      | Found an ornate altar of the Wu Jian Council.
  3825 | D:4      | Noticed an ice beast
  3879 | D:4      | Killed an ice beast
  3880 | D:4      | Reached XP level 6. HP: 35/35 MP: 0/11
  4046 | D:4      | Found Raareil's Jewellery Shoppe.
  4448 | D:5      | Entered Level 5 of the Dungeon
  4600 | D:5      | Reached XP level 7. HP: 41/41 MP: 6/12
  4613 | D:5      | Identified a scroll of acquirement
  4936 | D:5      | Reached skill level 5 in Dodging
  5110 | D:5      | Found a blossoming altar of Fedhas.
  5341 | D:5      | Found an ancient bone altar of Kikubaaqudgha.
  5382 | D:5      | Noticed a human
  5383 | D:5      | Killed a human
  6028 | D:6      | Reached XP level 8. HP: 48/48 MP: 9/13
  6198 | D:6      | Reached skill level 5 in Fighting
  6857 | D:6      | Found a staircase to the Ecumenical Temple.
  6874 | D:6      | Learned a level 4 spell: Summon Lightning Spire
  6887 | Temple   | Entered the Ecumenical Temple
  6908 | Temple   | Became a worshipper of Gozag Ym Sagoz the Greedy
  7064 | D:7      | Reached skill level 1 in Air Magic
  7156 | D:7      | Reached skill level 5 in Air Magic
  7311 | D:7      | Reached XP level 9. HP: 54/54 MP: 9/14
  7652 | D:7      | Found a broken altar of Ashenzari.
  8029 | D:7      | Noticed Duvessa
  8147 | D:7      | Found a white marble altar of Elyvilon.
  8662 | D:7      | Noticed Dowan
  8997 | D:8      | Reached skill level 10 in Summonings
  9170 | D:8      | You are sucked into a shaft and drop 3 floors!
  9171 | D:11     | Acquired the Verses on Harmful Command
  9182 | D:10     | Entered Level 10 of the Dungeon
  9198 | D:11     | Noticed a manticore
  9213 | D:11     | Killed a manticore
  9214 | D:11     | Reached XP level 10. HP: 30/59 MP: 6/16
  9285 | D:11     | Noticed a cyclops
  9299 | D:11     | Killed a cyclops
  9311 | D:11     | Noticed a cyclops
  9319 | D:11     | Killed a cyclops
  9879 | D:9      | Noticed Harold
  9890 | D:9      | Killed Harold
  9967 | D:9      | Reached skill level 5 in Spellcasting
 10039 | D:9      | Found a burning altar of Makhleb.
 10221 | D:9      | Found a staircase to the Orcish Mines.
 10778 | D:8      | Reached XP level 11. HP: 59/67 MP: 20/20
 10857 | D:8      | Found Wegock's General Store.
 10970 | D:2      | Bought 3 scrolls of identify for 60 gold pieces
 10972 | D:2      | Bought a scroll of identify for 20 gold pieces
 10972 | D:2      | Bought 3 scrolls of teleportation for 90 gold pieces
 11694 | D:9      | Reached skill level 10 in Dodging
 11916 | D:9      | Found a staircase to the Lair.
 12019 | D:9      | Noticed a cyclops
 12029 | D:9      | Killed a cyclops
 12171 | D:9      | Found a sacrificial altar of Ru.
 12172 | D:9      | Found a radiant altar of Vehumet.
 12973 | D:10     | Found a shimmering altar of Xom.
 12974 | D:10     | Found a hazy altar of Hepliaklqana.
 13603 | D:11     | Noticed a purple ugly thing
 13609 | D:11     | Noticed a cyan ugly thing
 13629 | D:11     | Noticed a two-headed ogre
 13808 | D:10     | Learned a level 3 spell: Summon Guardian Golem
 13831 | D:10     | Killed a cyan ugly thing
 13988 | D:10     | Killed a cyan ugly thing
 14271 | D:11     | Killed a two-headed ogre
 14272 | D:11     | Reached XP level 12. HP: 75/75 MP: 13/23
 14587 | D:11     | Identified the +1 flail "Tozilug" {venom, Fly rN+}
 14817 | D:11     | Identified the +4 morningstar of Governance {flame, Str+6
                  | Int+2 Dex-4}
 15152 | Lair:1   | Entered Level 1 of the Lair of Beasts
 15949 | Lair:2   | Found a staircase to the Shoals.
 16053 | Lair:2   | Noticed a four-headed hydra
 16063 | Lair:2   | Killed a four-headed hydra
 16068 | Lair:2   | Found a gate leading to a gauntlet.
 16078 | Gauntlet | Entered a Gauntlet
 16078 | Gauntlet | Found a transporter.
 16078 | Gauntlet | Found a transporter.
 16078 | Gauntlet | Found a transporter.
 16090 | Gauntlet | Found a transporter.
 16093 | Gauntlet | Found a transporter.
 16100 | Gauntlet | Found a runed translucent door.
 16103 | Gauntlet | Found a transporter.
 16104 | Gauntlet | Found a transporter.
 16106 | Gauntlet | Noticed a ghost crab
 16116 | Gauntlet | Found a transporter.
 16132 | Gauntlet | Found a transporter.
 16133 | Gauntlet | Noticed a quicksilver ooze
 16150 | Gauntlet | Found a transporter.
 16154 | Gauntlet | Found a transporter.
 16158 | Gauntlet | Noticed a tengu warrior
 16164 | Gauntlet | Found a transporter.
 16520 | Gauntlet | Identified the ring of Coecick {rElec rCorr Str+2 Dex+3
                  | Slay-6}
 16570 | Gauntlet | Killed a quicksilver ooze
 16571 | Gauntlet | Reached skill level 10 in Fighting
 16592 | Gauntlet | Identified the staff of cold "Luagekk" {rF+ rC+ Dex+6}
 16594 | Gauntlet | Identified the amulet of Riduwink {Acrobat Harm rPois
                  | Will-}
 16622 | Gauntlet | Identified the +6 chain mail of Gluttony {rElec rPois
                  | Str-3}
 16622 | Gauntlet | Noticed a minotaur
 16662 | Gauntlet | Killed a minotaur
 16876 | Gauntlet | Identified the staff of conjuration "Keukaf" {rC+ Int+5
                  | Dex+6}
 16957 | Lair:2   | Noticed Sonja
 16960 | Lair:2   | Killed Sonja
 17107 | Lair:2   | Found a hole to the Spider Nest.
 17113 | Lair:2   | Reached XP level 13. HP: 82/82 MP: 10/27
 17593 | Lair:3   | Reached skill level 10 in Spellcasting
 17650 | Lair:2   | Acquired an Everburning Encyclopedia
 17657 | Lair:2   | Learned a level 4 spell: Olgreb's Toxic Radiance
 17661 | Lair:2   | Learned a level 3 spell: Mephitic Cloud
 17665 | Lair:2   | Learned a level 3 spell: Ignite Poison
 17733 | Lair:3   | Reached skill level 1 in Poison Magic
 18181 | Lair:3   | Reached skill level 5 in Poison Magic
 19858 | Lair:5   | Entered Level 5 of the Lair of Beasts
 19882 | Lair:5   | Reached XP level 14. HP: 88/88 MP: 23/29
 20047 | Lair:5   | Found a runed translucent gate.
 20047 | Lair:5   | Found a runed translucent gate.
 20047 | Lair:5   | Found a runed translucent gate.
 20076 | Lair:5   | Reached skill level 10 in Poison Magic
 20085 | Lair:5   | Reached skill level 1 in Conjurations
 20085 | Lair:5   | Reached skill level 1 in Fire Magic
 20124 | Lair:5   | Noticed mmBingo's ghost (journeyman MiMo)
 20486 | Lair:5   | Found a viscous altar of Jiyva.
 20486 | Lair:5   | Found a staircase to the Slime Pits.
 20514 | Lair:5   | Reached skill level 5 in Conjurations
 20653 | Lair:5   | Killed by an exploding themself... ignited by their inner
                  | flame

Illustrated notes

Levels and vault maps discovered:
D:1:      spicycebolla_arrival_transporter_tutorial, layout_basic,
          nrook_campfire, minmay_statues_item
D:2:      layout_basic, serial_shops, shop, uniq_robin
D:3:      layout_basic, nemelex_diamond_rough_becter, basic_ecumenical_altar,
          cheibrodos_sewer_entry_bend, dreamdust_mushroom_princess
D:4:      wander_river, layout_loops_cross, mainiacjoe_overflow_alcove_1,
          serial_glass, glass_columns_b, glass_columns_c, serial_shops, shop,
          kennysheep_generic_room_3
D:5:      layout_layer_cave, fedhas_ov_isle_minmay, tgw_kikubaaqudgha,
          serial_bayou_pond_a
D:6:      kennysheep_steamy, layout_cave_pools, minmay_temple_entry_proselytizer
D:7:      layout_loops_ring, marbit_many_paths, mainiacjoe_overflow_24_doors,
          uniq_duvessa
D:8:      layout_loops_ring, serial_shops, shop
D:9:      layout_basic, gammafunk_temple_overflow_pools, demons_altar,
          grunt_lair_entry_orc_guard_hut, david_orc_3, serial_glass,
          glass_columns_b, glass_columns_a, minmay_strange_pillars,
          feat_on_display, lightli_minifort, uniq_harold
D:10:     layout_stronghold, regret_index_temple_of_mockery, serial_rivers,
          chequers_serial_rivers_micro_e, chequers_serial_rivers_micro_b,
          chequers_serial_rivers_micro_a, chequers_serial_rivers_small_b,
          chequers_serial_rivers_micro_c, chequers_serial_rivers_small_b
D:11:     layout_layer_cave
Temple:   hellmonk_temple_of_storms
Lair:1:   layout_big_grid
Lair:2:   layout_chaotic_city, minmay_shoals_entry_centaurs,
          nicolae_spider_entry_orb_guardian, gauntlet_entry_generic,
          fungi_pond_lemuel, beast_lair_carwin_11, uniq_sonja
Lair:3:   layout_roguey, lemuel_fruit_tree, grunt_megastairs_2,
          serial_bayou_shore_b
Lair:4:   layout_small_grid, serial_bayou, serial_bayou_pond_e,
          serial_bayou_lagoon_a, serial_bayou_crossing, serial_bayou_shore_b
Lair:5:   evilmike_catoblepas_cave, layout_small_grid, slime_entry_1,
          maelrawn_ghost_gauntlet_escape, enter_volcano_4

Skill      XL: |  1  2  3  4  5  6  7  8  9 10 11 12 13 14 |
---------------+-------------------------------------------+-----
Summonings     | 5 6 7 10 11 12 13 | 13.0
Spellcasting   | 3 5 7 9 10 | 10.0
Fighting       | 2 3 4 5 7 8 10 | 10.4
Dodging        | 3 4 6 8 9 11 12 13 | 13.3
Air Magic      | 5 7 |  7.0
Poison Magic   | 9 10 | 10.0
Conjurations   | 5 |  5.0
Fire Magic     | 3 |  3.0
Stealth        | |  2.3

Action                     |  1- 3 |  4- 6 |  7- 9 | 10-12 | 13-15 || total
---------------------------+-------+-------+-------+-------+-------++-------
  Melee: Dagger            |    20 |    19 |    56 |   105 |       ||   200
         Kick              |     3 |     4 |    23 |    39 |    28 ||    97
         Peck              |     3 |       |    12 |    30 |     9 ||    54
         Punch             |       |       |       |     3 |     2 ||     5
         Spear             |       |       |       |    17 |    95 ||   112
   Cast: Summon Small Mamm |    30 |     6 |     2 |       |       ||    38
         Call Canine Famil |     8 |    31 |    38 |    62 |    32 ||   171
         Call Imp          |     5 |    25 |    34 |     1 |       ||    65
         Summon Lightning  |       |       |       |    87 |    39 ||   126
         Summon Guardian G |       |       |       |    14 |    33 ||    47
 Invoke: Call Merchant     |       |       |       |       |     3 ||     3
    Use: Scroll            |       |     2 |    11 |    12 |     3 ||    28
   Stab: Distracted        |       |       |     3 |     4 |     3 ||    10
 Armour: Robe              |     8 |    12 |     1 |       |       ||    21
         Steam dragon scal |       |       |    15 |    24 |     7 ||    46
  Dodge: Dodged            |    31 |    32 |    80 |   171 |    60 ||   374
